AoeStats
← 从不压堡之人

MegaRandom

509871856Analyzed
4v4 RM · 3d ago on Sep 28, 2026· 48m 22s· 8 players
Game mode
Random Map
Map size
Large (8 player)
Population
200
Speed
Normal
Resources
Standard
Victory
Conquest
Starting age
Dark Age
Ending age
Imperial Age
RankedLock teamsTeams togetherTeam positionsShared explorationLock speedFull tech treeHidden civsTurbo modeCheats
Victory
Defeat
🇹🇼 Varangians · Taiwan
1167
+15
🇹🇼 Magyars · Taiwan
1162
+15
🇹🇼 Muisca · Taiwan
1131
+16
🇹🇼 Persians · Taiwan
1091
+27
🇨🇳 Teutons · China
1267
-21
1162
-17
🇨🇳 Goths · China
1077
-14
🇨🇳 Spanish · China
1035
-12
从不压堡之人
10:51 Feudal Age
11:53 Double-Bit Axe
11:51 Horse Collar
14:42 Castle Age
14:08 Wheelbarrow
15:32 Loom
17:21 Bow Saw
27:31 Town Watch
28:37 Fletching
30:32 Wheelbarrow
29:53 Elite Skirmisher
31:57 Ballistics
32:05 Hand Cart
32:19 Padded Archer Armor
33:32 Leather Archer Armor
33:17 Bodkin Arrow
34:30 Caravan
38:30 Imperial Age
38:02 Husbandry
38:12 Bloodlines
38:20 Town Patrol
39:16 Bracer
39:46 Ring Archer Armor
40:19 Chemistry
39:36 Guilds
40:43 Two-Man Saw
39:54 Capped Ram
41:20 Conscription
41:36 Scale Barding Armor
41:50 Siege Ram
42:04 Light Cavalry
42:17 Elite Conquistador
44:06 Chain Barding Armor
43:56 Forging
43:41 Stone Mining
44:44 Sanctity
44:40 Block Printing
44:35 Redemption
44:36 Fervor
44:51 Illumination
45:02 Theocracy
44:59 Illumination
44:38 Inquisition
45:03 Fortified Wall
45:39 Theocracy
45:44 Supremacy
46:16 Stone Shaft Mining
45:32 Gold Mining
47:20 Arrowslits
47:26 Guard Tower
47:32 Murder Holes
47:47 Masonry
48:15 Plate Barding Armor
48:16 Iron Casting
48:47 Keep
我不是蓝精灵
11:01 Feudal Age
10:20 Loom
12:18 Double-Bit Axe
13:36 Horse Collar
16:04 Castle Age
14:43 Wheelbarrow
16:07 Pikeman
17:27 Heavy Plow
17:38 Bow Saw
20:45 Hand Cart
22:35 Squires
22:54 Man-at-Arms
23:37 Long Swordsman
25:43 Scale Mail Armor
26:00 Town Watch
27:06 Stone Mining
32:00 Imperial Age
29:43 Town Patrol
31:14 Gold Mining
31:54 Masonry
32:00 Forging
32:06 Chain Mail Armor
32:44 Anarchy
33:56 Stone Shaft Mining
32:48 Elite Huskarl
33:49 Caravan
35:30 Iron Casting
37:37 Two-Man Saw
38:12 Blast Furnace
38:39 Conscription
38:33 Perfusion
39:04 Fletching
39:49 Architecture
41:17 Halberdier
42:19 Two-Handed Swordsman
44:17 Champion
45:49 Bodkin Arrow
45:39 Treadmill Crane
45:56 Murder Holes
46:21 Ballistics
47:02 Chemistry
48:22 Coinage
47:48 Crossbowman
47:49 Elite Skirmisher
叫声乌鸦哥
7:59 Loom
10:27 Feudal Age
14:11 Castle Age
12:15 Double-Bit Axe
12:22 Horse Collar
14:57 Heavy Plow
18:23 Wheelbarrow
19:16 Town Watch
21:40 Bow Saw
23:08 Hand Cart
24:13 Gold Mining
28:36 Imperial Age
26:10 Scale Mail Armor
27:09 Chain Mail Armor
27:22 Forging
27:46 Squires
28:21 Arson
29:15 Iron Casting
29:49 Plate Mail Armor
30:22 Two-Man Saw
29:33 Guilds
30:59 Blast Furnace
32:18 Conscription
33:41 Fletching
34:12 Ballistics
33:56 Stone Mining
34:32 Crenellations
36:00 Bodkin Arrow
37:52 Hoardings
38:17 Siege Engineers
39:15 Chemistry
38:22 Caravan
37:55 Onager
38:06 Onager
39:50 Masonry
39:42 Elite Teutonic Knight
40:45 Ironclad
39:59 Siege Onager
45:22 Stone Shaft Mining
我独自送头 Solo Feeding
9:21 Feudal Age
12:54 Castle Age
10:57 Double-Bit Axe
11:58 Horse Collar
14:02 Loom
14:03 Town Watch
19:24 Bow Saw
21:31 Heavy Plow
24:26 Wheelbarrow
24:34 Gold Mining
25:35 Hand Cart
26:21 Hand Cart
29:13 Imperial Age
26:56 Fletching
28:00 Bodkin Arrow
28:05 Padded Archer Armor
28:13 Scale Barding Armor
28:19 Forging
28:34 Bodkin Arrow
29:43 Husbandry
29:53 Bloodlines
29:43 Husbandry
29:54 Padded Archer Armor
30:08 Stone Mining
30:26 Bracer
31:36 Chemistry
31:04 Caravan
31:38 Conscription
32:00 Padded Archer Armor
32:22 Ballistics
33:16 Stone Shaft Mining
33:05 Leather Archer Armor
32:12 Light Cavalry
33:31 Chain Barding Armor
33:47 Iron Casting
33:43 Hussar
34:55 Ring Archer Armor
35:36 Plate Barding Armor
35:26 Scale Mail Armor
36:33 Two-Man Saw
36:15 Silk Road
37:26 Elite Genoese Crossbowman
39:21 Blast Furnace
39:24 Pirotechnia
39:41 Treadmill Crane
40:12 Masonry
40:49 Chain Mail Armor
40:50 Thumb Ring
42:03 Fortified Wall
41:43 Guard Tower
42:43 Architecture
42:08 Murder Holes
41:59 Arrowslits
42:59 Plate Mail Armor
42:32 Squires
42:11 Elite Skirmisher
43:46 Keep
43:01 Arrowslits
44:53 Bombard Tower
44:45 Guilds
saintOAO
10:18 Feudal Age
11:08 Loom
14:13 Double-Bit Axe
17:25 Castle Age
16:23 Scale Barding Armor
16:51 Horse Collar
18:17 Gold Mining
19:26 Bow Saw
23:46 Stone Mining
24:59 Chain Barding Armor
25:41 Husbandry
26:35 Wheelbarrow
26:57 Bloodlines
28:56 Heavy Plow
30:26 Fletching
32:48 Bodkin Arrow
32:55 Padded Archer Armor
33:28 Thumb Ring
36:33 Imperial Age
36:40 Hand Cart
37:45 Bracer
42:13 Gold Shaft Mining
42:21 Conscription
43:32 Elite Magyar Huszar
45:36 Corvinian Army
48:30 Plate Barding Armor
月華栞
2:19 Loom
11:08 Feudal Age
13:58 Double-Bit Axe
13:55 Horse Collar
16:44 Castle Age
18:32 Heavy Plow
18:44 Bow Saw
25:27 Fletching
25:37 Padded Archer Armor
28:11 Kamandaran
29:09 Crossbowman
29:54 Thumb Ring
29:53 Bodkin Arrow
30:14 Leather Archer Armor
35:16 Imperial Age
33:30 Wheelbarrow
35:56 Conscription
34:58 Elite War Elephant
38:11 Hand Cart
40:17 Forging
40:38 Ring Archer Armor
40:20 Forging
40:16 Scale Barding Armor
47:45 Iron Casting
路過的黑貓
9:18 Feudal Age
11:55 Fletching
12:57 Padded Archer Armor
13:00 Double-Bit Axe
13:00 Horse Collar
22:20 Castle Age
21:22 Loom
21:22 Town Watch
22:10 Gold Mining
23:09 Bodkin Arrow
22:36 Crossbowman
25:00 Ballistics
28:35 Wheelbarrow
30:53 Bow Saw
32:07 Thumb Ring
35:08 Imperial Age
32:55 Hand Cart
37:06 Arbalester
37:47 Bracer
38:50 Chemistry
38:42 Leather Archer Armor
38:39 Herbalism
39:00 Conscription
38:49 Huaracas
Equestris
7:33 Loom
9:58 Feudal Age
10:34 Double-Bit Axe
10:31 Horse Collar
12:45 Forging
15:15 Scale Barding Armor
19:58 Castle Age
19:05 Stone Mining
20:16 Wheelbarrow
21:31 Bloodlines
21:48 Bow Saw
22:29 Hand Cart
25:10 Gold Mining
28:24 Imperial Age
26:43 Ballistics
27:42 Hand Cart
27:19 Gambesons
28:00 Squires
28:43 Arson
29:06 Scale Mail Armor
29:35 Conscription
30:24 Gothikon
33:26 Chain Mail Armor
36:27 Iron Casting
37:40 Plate Mail Armor
37:19 Treadmill Crane
38:50 Light Cavalry
39:31 Husbandry
39:26 Elite Varangian Guard
43:44 Blast Furnace
45:14 Fletching
Connection lost

Rejoining the realm…

Still unreachable

The connection could not be restored.

Session expired

The server has moved on; the page needs a fresh start.